Cogmind - Beta 16 @@@ ROGUE MODE // 2025.11.22 @ 13:26:36 // AFD2020/Player2 Player: Minty Result: Destroyed by G-67 Veteran with Plasma Rifle Performance ------------- Evolutions (6) 3000 Regions Visited (13) 2600 Robots Destroyed (63) 315 Value Destroyed (1998) 1998 Prototype IDs (35) 700 Alien Tech Used (2) 400 Bonus (3447) 3447 TOTAL SCORE: 12460 Bonus ------- High Alert Combat Kills 169 Follower Combat Kills 2060 Entered DSFs 500 Registered with UFD 300 Met Optimus in HQ 500 Met Zhirov 300 Friendly Fire -382 Cogmind --------- Core Integrity 0/1150 Matter 290/300 Energy 540/540 System Corruption 12% Temperature Cool (12) Movement Flying (13) Location -4/Factory Parts ------- > --- POWER (2) -------- Neutrino Core Antimatter Reactor > --- PROPULSION (8) --- VTOL Module Improved Flight Unit Cooled Nuclear Pulse Thruster Cooled Nuclear Pulse Thruster Impulse Thruster Impulse Thruster Field Propulsion Array > --- UTILITY (7) ------ Small Storage Unit Active Sensor Suite Advanced Targeting Computer Hacking Suite Advanced Hacking Suite > --- WEAPON (2) ------- Companion Sword > --- INVENTORY (8) ---- Deep Structural Scanner Hacking Suite System Shield Mapping Drone Bay (3/3) Heavy Proton Missile Launcher Peak State ------------ > --- POWER ------------ Neutrino Core Antimatter Reactor > --- PROPULSION ------- Cooled Nuclear Pulse Thruster Cooled Nuclear Pulse Thruster Cooled Nuclear Pulse Thruster Nuclear Pulse Array Impulse Thruster Impulse Thruster Impulse Thruster > --- UTILITY ---------- Advanced Cryofiber Web Small Storage Unit Deep Structural Scanner Active Sensor Suite Advanced Hacking Suite > --- WEAPON ----------- Hypervelocity Gauss Rifle Companion Sword > --- INVENTORY -------- Cooled Fission Core VTOL Module Improved Flight Unit Core Analyzer Mapping Drone Bay Transdimensional Reconstructor Heavy Proton Missile Launcher Botcube [Rating: 128] Favorites ----------- Power Light Deuterium Engine Engine Light Deuterium Engine Power Core Neutrino Core Reactor Antimatter Reactor Propulsion Improved Flight Unit Leg Aluminum Leg Hover Unit Antigrav System Flight Unit Improved Flight Unit Utility Small Storage Unit Device Active Sensor Suite Storage Small Storage Unit Processor Advanced Targeting Computer Hackware Hacking Suite Protection Experimental Core Shielding Weapon Heavy Assault Rifle Energy Gun Improved EM Shotgun Ballistic Gun Heavy Assault Rifle Launcher Heavy Proton Missile Launcher Special Weapon Plasma Cutter Slashing Weapon Companion Sword Piercing Weapon Makeshift Spear Build | -11 -10 -9 -9 -9 -9 -6 -6 -5 -5 -5 -5 -4 -4 ------- Run | Yrd Mat Mat Sto Rec Scr Fac DSF Fac Upp Upp Zhi Pro Fac Slots Evolved 12 | . . 2 . . . 6 . 2 . . . . 2 Power 1 | . . . . . . 1 . . . . . . . Propulsion 6 | . . 2 . . . 2 . 1 . . . . 1 Utility 5 | . . . . . . 3 . 1 . . . . 1 Weapon . | . . . . . . . . . . . . . . Parts Attached 78 | . 7 8 9 4 3 2 13 10 7 . 5 . 10 Power 15 | . . 1 2 1 . . 5 5 . . . . 1 Engine 7 | . . 1 2 1 . . 1 2 . . . . . Core 7 | . . . . . . . 4 3 . . . . . Reactor 1 | . . . . . . . . . . . . . 1 Propulsion 32 | . 3 7 3 1 . . 7 2 2 . 3 . 4 Treads . | . . . . . . . . . . . . . . Leg 1 | . 1 . . . . . . . . . . . . Wheel . | . . . . . . . . . . . . . . Hover 9 | . 2 . . . . . 6 1 . . . . . Flight 22 | . . 7 3 1 . . 1 1 2 . 3 . 4 Utility 19 | . 2 . . . 1 2 1 2 4 . 2 . 5 Device 11 | . 1 . . . 1 1 1 2 2 . 1 . 2 Storage . | . . . . . . . . . . . . . . Processor 2 | . . . . . . . . . 1 . . . 1 Hackware 5 | . 1 . . . . 1 . . 1 . . . 2 Protection 1 | . . . . . . . . . . . 1 . . Artifact . | . . . . . . . . . . . . . . Weapon 12 | . 2 . 4 2 2 . . 1 1 . . . . Energy Gun 3 | . . . 1 2 . . . . . . . . . Energy Cannon . | . . . . . . . . . . . . . . Ballistic Gun 5 | . 2 . 2 . 1 . . . . . . . . Ballistic Cannon . | . . . . . . . . . . . . . . Launcher 1 | . . . . . . . . 1 . . . . . Special Weapon 1 | . . . 1 . . . . . . . . . . Impact Weapon . | . . . . . . . . . . . . . . Slashing Weapon 1 | . . . . . 1 . . . . . . . . Piercing Weapon 1 | . . . . . . . . . 1 . . . . Special Melee Weapon . | . . . . . . . . . . . . . . Unidentified Prototypes 15 | . . 1 1 1 2 . 1 4 . . 4 . 1 Parts Lost 15 | . . 2 3 3 . . 1 1 . . . 1 4 Power 4 | . . . 1 1 . . 1 . . . . . 1 Propulsion 7 | . . 2 2 1 . . . . . . . . 2 Utility 2 | . . . . . . . . 1 . . . 1 . Weapon 2 | . . . . 1 . . . . . . . . 1 Highest Loss Streak 3 | . . 1 2 2 . . 1 1 . . . 1 3 To Critical Strikes . | . . . . . . . . . . . . . . Average Backups 6 | . 6 7 7 6 6 4 5 6 7 6 6 6 6 Power . | . . 1 1 1 . . . 2 1 1 1 1 . Propulsion 1 | . 2 1 1 . . . . . 1 1 1 1 1 Utility 2 | . . . 2 4 4 3 3 2 1 2 2 2 2 Weapon 2 | . 2 4 1 1 1 1 1 2 3 2 2 1 1 Tool/Special . | . . . . . . . . . . . . . . Unused Backups 33 | . 14 3 3 . 7 . . 2 . . . . 4 Power 4 | . 2 . . . 1 . . 1 . . . . . Propulsion 9 | . 5 2 2 . . . . . . . . . . Utility 9 | . 2 . . . 3 . . . . . . . 4 Weapon 9 | . 4 1 1 . 2 . . 1 . . . . . Tool/Special 2 | . 1 . . . 1 . . . . . . . . Average Slot Usage (%) 85 | . 95 98 99 98 100 62 62 67 72 74 74 75 82 Engine 6 | . 14 11 11 11 11 6 3 1 . . . . . Core 4 | . . . . . . . 3 6 11 11 11 11 7 Leg 4 | . 26 . . . . . . . . . . . . Flight 30 | . . 41 44 43 44 26 24 30 35 35 35 35 36 Device 5 | . . . . . 2 3 5 12 11 10 11 11 10 Storage 8 | . 14 11 11 11 11 6 6 5 5 5 5 5 5 Hackware 7 | . 9 11 11 11 8 5 6 1 3 5 5 3 8 Energy Gun 1 | . . . 2 10 7 . . . . . . . . Ballistic Gun 10 | . 27 22 17 11 11 6 1 . . . 3 . 4 Slashing Weapon 1 | . . . . . 3 6 6 3 . . . 5 5 Peak Build Rating 128 | . 12 21 25 30 37 43 92 80 83 86 102 103 128 Average Rating 51 | . 10 19 23 24 30 35 56 70 78 80 93 96 120 On Entrance 46 | 6 6 12 21 25 26 37 32 59 74 81 77 97 93 Avg Prop Armor Cover (%) 5 | . . . . . . . 8 4 . . . . . Naked Turns . | . . . . . . . . . . . . . . Heaviest Build 51 | 13 24 16 16 19 20 20 43 47 36 37 40 38 51 Greatest Support 66 | 20 20 17 20 20 20 20 66 37 37 37 41 41 63 Greatest Overweight (x) 3 | . 2 1 . . . . 3 1 . . . . . Average Overweight (x) . | . . . . . . . . . . . . . . Largest Inventory Capacity 8 | . 8 8 8 8 8 8 8 8 8 8 8 8 8 Average Capacity 8 | . 8 8 8 8 8 8 8 8 8 8 8 8 8 Most Carried 8 | . 8 8 8 7 8 6 8 8 8 8 8 8 8 Average Carried 7 | . 6 6 7 6 7 5 6 7 7 7 7 7 6 Final Capacity 8 | 8 8 8 8 8 8 8 8 8 8 8 8 8 8 Final Carried 8 | 6 8 8 7 7 6 5 7 8 8 8 8 8 5 Class Distribution -------------------- 37% | Sprinter 35% | Scout 17% | Mutant 6% | Hacker-Scout Dominant Class ---------------- Mutant | -10/Materials Sprinter | -9/Materials Sprinter | -9/Storage Sprinter | -9/Recycling Sprinter | -9/Scraptown Sprinter | -6/Factory Scout | -6/DSF Scavenger-Scout | -5/Factory Scout | -5/Upper Caves Scout | -5/Upper Caves Scout | -5/Zhirov Scout | -4/Proximity Caves Hacker-Scout | -4/Factory Resources | -11 -10 -9 -9 -9 -9 -6 -6 -5 -5 -5 -5 -4 -4 ----------- Run | Yrd Mat Mat Sto Rec Scr Fac DSF Fac Upp Upp Zhi Pro Fac Matter Collected 2343 | 200 249 272 364 75 . 50 223 216 130 97 129 73 265 Remotely . | . . . . . . . . . . . . . . Salvage Created 3174 | . 409 235 635 103 . . 542 328 . 80 130 168 544 Parts 177 | . 23 21 39 7 . . 24 15 . . 3 11 34 Haulers Intercepted 4 | . . 1 2 . . . . 1 . . . . . Recyclers Shooed 5 | . 2 . . . . . . 3 . . . . . Parts Field Recycled 2 | . 2 . . . . . . . . . . . . Retrieved Matter 14 | . 14 . . . . . . . . . . . . Parts Self-Destructed 37 | . . . . . . . . . 2 19 . 16 . Prevented 7 | . . . . . . . . . . . . 7 . Parts Restored . | . . . . . . . . . . . . . . Kills | -11 -10 -9 -9 -9 -9 -6 -6 -5 -5 -5 -5 -4 -4 ------- Run | Yrd Mat Mat Sto Rec Scr Fac DSF Fac Upp Upp Zhi Pro Fac Combat Hostiles Destroyed 42 | . 7 4 13 2 . . 3 3 . . . 3 7 Melee 8 | . . . . . . . 3 . . . . 2 3 Guns 29 | . 7 4 13 2 . . . 1 . . . . 2 AOE 5 | . . . . . . . . 2 . . . 1 2 Classes Destroyed 16 | . 7 3 . . . . 3 . . . . 2 1 Worker 3 | . 1 . . . . . . . . . . . 2 Builder 3 | . 2 . . . . . . 1 . . . . . Tunneler 1 | . . 1 . . . . . . . . . . . Hauler 4 | . . 1 2 . . . . 1 . . . . . Recycler 1 | . 1 . . . . . . . . . . . . Carrier 1 | . . . . . . . 1 . . . . . . Operator 7 | . 2 1 1 . . . . . . . . . 3 Drone 2 | . . . . . . . . . . . . 2 . Watcher 1 | . 1 . . . . . . . . . . . . Swarmer 9 | . 3 1 3 . . . . . . . . . 2 Grunt 17 | . 4 1 5 . . . . 3 . . . 1 3 Sentry 10 | . . 2 5 2 . . . . . . . . 1 Specialist 1 | . . . . . . . 1 . . . . . . Hunter 2 | . . . . . . . 2 . . . . . . Programmer 1 | . . . . . . . . . . . . . 1 Packrat 1 | . . . . . . . . . . 1 . . . Samaritan 1 | . . . . . . . . . . . . 1 . Best Kill Streak 6 | . 6 2 6 1 . . 3 2 . . . 1 4 Combat Bots Only 5 | . 3 1 5 1 . . 3 2 . . . 1 3 Max Kills in Single Turn 2 | . 1 1 2 1 . . 1 1 . 1 . 1 2 Gunslinging 1 | . . . 1 . . . . . . . . . . Exploded 2 | . . . . . . . . 1 . . . 1 2 Melee 1 | . . . . . . . 1 . . . . 1 1 Uniques/NPCs Destroyed . | . . . . . . . . . . . . . . Combat | -11 -10 -9 -9 -9 -9 -6 -6 -5 -5 -5 -5 -4 -4 -------- Run | Yrd Mat Mat Sto Rec Scr Fac DSF Fac Upp Upp Zhi Pro Fac Hostile Shots Fired 287 | . 37 31 87 14 . . 27 10 3 6 . 17 55 Missed 120 | . 13 14 41 4 . . 9 4 1 3 . 12 19 Hits 167 | . 24 17 46 10 . . 18 6 2 3 . 5 36 Projectile 167 | . 24 17 46 10 . . 18 6 2 3 . 5 36 Critical Strikes 5 | . 1 . . 1 . . 1 . . . . . 2 Damage Taken 2693 | . 251 200 637 243 . . 266 261 34 25 7 151 618 Core 609 | . 32 7 173 51 . . 152 51 . . . 41 102 Absorbed by Shields . | . . . . . . . . . . . . . . Regen/Repaired (Parts) 254 | . 62 . 136 . . . . . . . . . 56 Core Remaining (%) 72 | 100 81 . . . 25 . 79 . . . . 79 . Volleys Fired 166 | . 38 25 42 16 . . 1 13 . 6 8 2 15 Largest 2 | . 2 2 2 2 . . 1 1 . 1 1 1 1 Hottest 79 | . 46 46 79 79 . . 33 40 . 33 33 40 40 Shots Fired 283 | . 76 50 84 28 . . 1 13 . 6 7 2 16 Gun 278 | . 76 50 84 28 . . 1 11 . 6 7 . 15 Cannon . | . . . . . . . . . . . . . . Launcher 5 | . . . . . . . . 2 . . . 2 1 Special . | . . . . . . . . . . . . . . Kinetic 260 | . 76 50 78 16 . . 1 11 . 6 7 . 15 Thermal 16 | . . . 6 10 . . . . . . . . . Explosive . | . . . . . . . . . . . . . . Electromagnetic 7 | . . . . 2 . . . 2 . . . 2 1 Robot Hit Streak 12 | . 11 11 12 10 . . 2 5 . 3 7 4 6 Robot Miss Streak 5 | . 4 5 5 1 . . . 2 . 1 1 . 5 Penetration Max 1 | . . . . . . . . . . 1 1 . 1 Secondary Targets 4 | . 1 . 3 . . . . . . . . . . Max Gunslinging Chain 1 | . 1 . 1 . . . . . . . . . . Shots Hit Robots 217 | . 45 30 51 21 . . 11 18 1 8 6 7 19 Core Hits 107 | . 20 11 25 5 . . 7 6 . 2 5 7 19 Critical Kills 7 | . . 1 . . . . 1 1 . . 1 . 3 Critical Parts Destroyed 7 | . . . 1 . . . . 2 . 3 . . 1 Critical Strikes 15 | . . 1 1 . . . 1 3 . 4 1 . 4 Destroy 15 | . . 1 1 . . . 1 3 . 4 1 . 4 Melee Attacks 67 | . . . . . . 2 11 11 2 7 . 7 27 Impact . | . . . . . . . . . . . . . . Slashing 62 | . . . . . . 2 11 11 . 4 . 7 27 Piercing 5 | . . . . . . . . . 2 3 . . . Sneak Attacks 14 | . . . . . . . 1 5 1 2 . 1 4 Combat Hostiles 2 | . . . . . . . 1 . . . . . 1 Follow-up Attacks . | . . . . . . . . . . . . . . Damage Inflicted 5945 | . 735 495 817 341 . . 623 827 58 264 76 626 1083 Guns 2579 | . 719 495 817 341 . . 3 34 . 44 76 . 50 Cannons . | . . . . . . . . . . . . . . Explosions 801 | . . . . . . . . 213 . . . 268 320 Melee 2549 | . . . . . . . 620 580 58 220 . 358 713 Ramming 16 | . 16 . . . . . . . . . . . . Kinetic 2392 | . 719 495 763 208 . . 3 34 . 44 76 . 50 Thermal 364 | . . . 54 110 . . . 49 . . . . 151 Explosive 50 | . . . . . . . . . . . . . 50 Electromagnetic 574 | . . . . 23 . . . 164 . . . 268 119 Impact . | . . . . . . . . . . . . . . Slashing 2371 | . . . . . . . 620 580 . 100 . 358 713 Piercing 178 | . . . . . . . . . 58 120 . . . Highest Corruption 12 | . . . . . . . . 1 1 1 1 1 12 Average Corruption 2 | . . . . . . . . 1 1 1 1 1 10 Corruption Purged . | . . . . . . . . . . . . . . Corruption Blocked . | . . . . . . . . . . . . . . Effects 23 | . . . . . . . . 2 3 5 3 2 8 Message Errors 9 | . . . . . . . . 1 . 2 1 1 4 Matter Fused 7 | . . . . . . . . . 1 3 . 1 2 Heat Flow Errors 1 | . . . . . . . . . . . . . 1 Energy Discharges 3 | . . . . . . . . 1 1 . 1 . . Data Loss (minor) 1 | . . . . . . . . . 1 . . . . Misfires 1 | . . . . . . . . . . . . . 1 Weapon Failures 1 | . . . . . . . . . . . 1 . . Overload Shots . | . . . . . . . . . . . . . . Overflow Damage 444 | . . . . . . . 19 132 38 51 . 23 181 Projectiles . | . . . . . . . . . . . . . . Explosions 51 | . . . . . . . . . . . . . 51 Melee 393 | . . . . . . . 19 132 38 51 . 23 130 Knockbacks . | . . . . . . . . . . . . . . Impact . | . . . . . . . . . . . . . . Kinetic . | . . . . . . . . . . . . . . Secondary . | . . . . . . . . . . . . . . Self-Inflicted Damage . | . . . . . . . . . . . . . . Shots . | . . . . . . . . . . . . . . Rammed . | . . . . . . . . . . . . . . Targets Rammed 2 | . 2 . . . . . . . . . . . . Kicked 2 | . 2 . . . . . . . . . . . . Crushed . | . . . . . . . . . . . . . . Highest Temperature 397 | . 22 9 151 116 . . 7 397 158 165 179 128 210 Average Temperature 51 | . 6 3 41 42 . . 4 102 47 51 59 48 58 Received Heat Transfer 579 | . 81 78 144 90 . . . 99 . . . 48 39 Siege Activations . | . . . . . . . . . . . . . . Martial Activations . | . . . . . . . . . . . . . . Shielding Activations . | . . . . . . . . . . . . . . Robots Disrupted 1 | . . . . . . . . 1 . . . . . Combat Hostiles . | . . . . . . . . . . . . . . Robots Corrupted . | . . . . . . . . . . . . . . Combat Hostiles . | . . . . . . . . . . . . . . Parts Fried . | . . . . . . . . . . . . . . Impact Corruptions . | . . . . . . . . . . . . . . Robots Melted . | . . . . . . . . . . . . . . Combat Hostiles . | . . . . . . . . . . . . . . Parts Melted 1 | . . . 1 . . . . . . . . . . Heat Transferred 483 | . . . 111 222 . . . 50 . . . . 100 Parts Sabotaged . | . . . . . . . . . . . . . . Parts Stolen . | . . . . . . . . . . . . . . Parts Stripped . | . . . . . . . . . . . . . . Power Chain Reactions 1 | . . . . . . . . 1 . . . . . Alert | -11 -10 -9 -9 -9 -9 -6 -6 -5 -5 -5 -5 -4 -4 ------- Run | Yrd Mat Mat Sto Rec Scr Fac DSF Fac Upp Upp Zhi Pro Fac Maximum Alert Level 3 | . 1 1 2 1 . . 1 3 . . . . 3 Low Security (%) 46 | . 62 35 14 71 . 100 83 38 . . . . 6 Level 1 32 | . 37 65 20 28 . . 16 26 . . . . 48 Level 2 20 | . . . 65 . . . . 24 . . . . 40 Level 3 1 | . . . . . . . . 9 . . . . 4 Level 4 . | . . . . . . . . . . . . . . Level 5 . | . . . . . . . . . . . . . . High Security . | . . . . . . . . . . . . . . Max Security . | . . . . . . . . . . . . . . Peak Influence 759 | . 280 388 514 233 . 32 284 733 . . . . 759 Initial 193 | . . 87 159 193 . . 2 149 . . . . 70 Average 247 | . 156 204 403 177 . 6 129 356 . . . . 389 Influence Increases 4936 | . 507 441 796 92 . 36 292 694 112 222 6 253 1485 Destroy 0b10 Robot/C 2460 | . 220 240 440 60 . 20 180 340 80 180 . 180 520 Destroy 0b10 Robot/NC 205 | . 60 15 15 10 . . 15 20 . . 5 15 50 Destroy Leader 508 | . 60 62 124 . . 10 40 72 10 20 . 10 100 Allied During Kill 663 | . 70 67 91 7 . . 56 101 22 22 1 48 178 Trap Triggered on 0b10 10 | . . . 10 . . . . . . . . . . Successful Hack 86 | . 22 24 23 . . 3 . 14 . . . . . Disable Machine 210 | . 15 15 30 15 . . . 15 . . . . 120 Destroy Structure 114 | . . 3 3 . . 3 1 32 . . . . 72 Partial Spotted 45 | . . 15 . . . . . . . . . . 30 Lose Combat Pursuer 135 | . 60 . 60 . . . . . . . . . 15 Active Sensor Use 500 | . . . . . . . . 100 . . . . 400 Influence Decreases 4281 | . 300 270 677 464 125 33 11 265 404 339 310 140 943 Entered New Map 1596 | . . 120 219 304 125 . 1 135 264 81 304 . 43 Time Decay 1715 | . 300 120 278 130 . 33 . 110 140 238 6 130 230 Lost Part 390 | . . 30 30 30 . . 10 10 . 20 . 10 250 Lost Ally 130 | . . . . . . . . 10 . . . . 120 Purge Threat 450 | . . . 150 . . . . . . . . . 300 Squads Dispatched 36 | . 2 2 9 . . 1 1 5 . . . . 16 Investigation 22 | . 1 2 5 . . 1 . 4 . . . . 9 Extermination 1 | . . . . . . . . . . . . . 1 Reinforcement 5 | . 1 . 1 . . . 1 1 . . . . 1 Assault 2 | . . . . . . . . . . . . . 2 Garrison 6 | . . . 3 . . . . . . . . . 3 Intercept . | . . . . . . . . . . . . . . Searches Triggered . | . . . . . . . . . . . . . . Construction Impeded 1 | . . . . . . . . 1 . . . . . Haulers Reinforced . | . . . . . . . . . . . . . . Active Scanning Responses 5 | . . . . . . . . 1 . . . . 4 Cargo Convoy Interrupts . | . . . . . . . . . . . . . . Stealth | -11 -10 -9 -9 -9 -9 -6 -6 -5 -5 -5 -5 -4 -4 --------- Run | Yrd Mat Mat Sto Rec Scr Fac DSF Fac Upp Upp Zhi Pro Fac Distress Signals 6 | . 2 . 3 . . . . . . . . . 1 Communications Jammed . | . . . . . . . . . . . . . . Distress Signals . | . . . . . . . . . . . . . . Times Spotted 126 | . 16 14 31 4 . 1 6 10 4 5 . 11 24 Peak Tracking Total 9 | . 6 5 7 1 . 1 3 8 4 4 . 4 9 Tactical Retreats 6 | . 2 . 3 . . . . . . . . . 1 Traps | -11 -10 -9 -9 -9 -9 -6 -6 -5 -5 -5 -5 -4 -4 ------- Run | Yrd Mat Mat Sto Rec Scr Fac DSF Fac Upp Upp Zhi Pro Fac Traps Triggered 7 | . 1 . 1 . . . 1 1 . . . . 3 Indirectly . | . . . . . . . . . . . . . . Trap Hack Attempts . | . . . . . . . . . . . . . . Triggered . | . . . . . . . . . . . . . . Disarmed . | . . . . . . . . . . . . . . Reprogrammed 4 | . . . 4 . . . . . . . . . . Reused 1 | . . . 1 . . . . . . . . . . Traps Extracted . | . . . . . . . . . . . . . . Installed . | . . . . . . . . . . . . . . Triggered 1 | . . . 1 . . . . . . . . . . Machines | -11 -10 -9 -9 -9 -9 -6 -6 -5 -5 -5 -5 -4 -4 ---------- Run | Yrd Mat Mat Sto Rec Scr Fac DSF Fac Upp Upp Zhi Pro Fac Machines Disabled 14 | . 1 1 2 1 . . . 1 . . . . 8 Max in Single Turn 4 | . 1 1 1 . . . . . . . . . 4 Garrison Access 2 | . . . . . . . . . . . . . 2 Machines Repaired . | . . . . . . . . . . . . . . Machines Dismantled 2 | . . . 2 . . . . . . . . . . Machines Sabotaged . | . . . . . . . . . . . . . . Overloaded Fab Kills . | . . . . . . . . . . . . . . Hacking | -11 -10 -9 -9 -9 -9 -6 -6 -5 -5 -5 -5 -4 -4 --------- Run | Yrd Mat Mat Sto Rec Scr Fac DSF Fac Upp Upp Zhi Pro Fac Machines Accessed 45 | . 6 4 9 . 4 3 . 4 . . 7 . 8 Terminals 21 | . 5 3 7 . . 2 . 1 . . . . 3 Fabricators 2 | . . . . . . 1 . . . . . . 1 Repair Stations 4 | . 1 . 1 . . . . 1 . . . . 1 Recycling Units 4 | . . . . . . . . 2 . . . . 2 Scanalyzers 1 | . . 1 . . . . . . . . . . . Garrison Access 2 | . . . 1 . . . . . . . . . 1 Total Hacks 170 | . 21 12 37 . 30 7 . 9 . . 37 . 17 Successful 126 | . 17 5 21 . 30 4 . 2 . . 37 . 10 Failed 44 | . 4 7 16 . . 3 . 7 . . . . 7 Catastrophic 6 | . . . . . . 2 . 3 . . . . 1 Database Lockouts . | . . . . . . . . . . . . . . Manual 51 | . 14 5 17 . . 1 . 6 . . . . 8 Terminals 76 | . 19 9 31 . . 4 . 3 . . . . 10 Fabricators 6 | . . . . . . 3 . . . . . . 3 Repair Stations 8 | . 2 . 3 . . . . 2 . . . . 1 Recycling Units 6 | . . . . . . . . 4 . . . . 2 Scanalyzers 3 | . . 3 . . . . . . . . . . . Garrison Access 4 | . . . 3 . . . . . . . . . 1 Terminal Hacks 97 | . 8 3 13 . 30 1 . 1 . . 37 . 4 Record 47 | . . . . . 22 . . . . . 25 . . Part Schematic 4 | . . . . . . . . . . . 4 . . Robot Analysis 13 | . . . 2 . 6 . . 1 . . 4 . . Prototype ID Bank 8 | . 2 . 2 . . . . . . . 4 . . Open Door 3 | . . . 2 . 1 . . . . . . . . Open DSF 1 | . . . . . . 1 . . . . . . . Branch Access Points 1 | . . 1 . . . . . . . . . . . Emergency Access Points 1 | . 1 . . . . . . . . . . . . Terminal Index 2 | . 1 . 1 . . . . . . . . . . Alert Level 3 | . 1 1 1 . . . . . . . . . . Unreport Threat 3 | . . . 1 . . . . . . . . . 2 Locate Traps 5 | . 2 . 2 . . . . . . . . . 1 Reprogram Traps 1 | . . . 1 . . . . . . . . . . Patrol Status 1 | . 1 . . . . . . . . . . . . Recall Reinforcements 1 | . . . . . . . . . . . . . 1 Zone Layout 2 | . . 1 1 . . . . . . . . . . Proto ID Catalog 1 | . . . . . 1 . . . . . . . . Fabricator Hacks 4 | . . . . . . 2 . . . . . . 2 Network Status 1 | . . . . . . 1 . . . . . . . Load Schematic 1 | . . . . . . . . . . . . . 1 Build 2 | . . . . . . 1 . . . . . . 1 Repair Station Hacks 4 | . 2 . 2 . . . . . . . . . . Scan Component 2 | . 1 . 1 . . . . . . . . . . Repair 2 | . 1 . 1 . . . . . . . . . . Recycling Unit Hacks . | . . . . . . . . . . . . . . Scanalyzer 1 | . . 1 . . . . . . . . . . . Retrieve Study 1 | . . 1 . . . . . . . . . . . Garrison Access Hacks 1 | . . . . . . . . . . . . . 1 Seal Access 1 | . . . . . . . . . . . . . 1 Unauthorized Hacks 19 | . 7 1 6 . . 1 . 1 . . . . 3 Terminals 13 | . 7 1 5 . . . . . . . . . . Assimilate 1 | . . 1 . . . . . . . . . . . Botnet 6 | . 2 . 4 . . . . . . . . . . Operators 1 | . . . 1 . . . . . . . . . . Skim 5 | . 5 . . . . . . . . . . . . Fabricators 1 | . . . . . . 1 . . . . . . . Prioritize 1 | . . . . . . 1 . . . . . . . Repair Stations 2 | . . . 1 . . . . . . . . . 1 Patch 2 | . . . 1 . . . . . . . . . 1 Recycling Units 3 | . . . . . . . . 1 . . . . 2 Fedlink 2 | . . . . . . . . 1 . . . . 1 Scrapoids 1 | . . . . . . . . . . . . . 1 Scanalyzers . | . . . . . . . . . . . . . . Garrison Access . | . . . . . . . . . . . . . . Data Cores Recovered 3 | . 1 1 . . . . . . . . . . 1 Used 2 | . 1 . . . . . . . . . . . 1 Hacking Detections 27 | . 5 4 8 . . 3 . 3 . . . . 4 Full Trace Events 12 | . 1 2 4 . . 1 . 2 . . . . 2 Feedback Events . | . . . . . . . . . . . . . . Feedback Blocked . | . . . . . . . . . . . . . . Robot Schematics Acquired . | . . . . . . . . . . . . . . Robots Built . | . . . . . . . . . . . . . . Authchips . | . . . . . . . . . . . . . . Time . | . . . . . . . . . . . . . . Total Robot Build Rating . | . . . . . . . . . . . . . . Part Schematics Acquired 4 | . . . . . . . . . . . 4 . . Parts Built 3 | . . . . . . 2 . . . . . . 1 Authchips . | . . . . . . . . . . . . . . Time 282 | . . . . . . 95 . . . . . . 187 Total Part Build Rating 17 | . . . . . . 10 . . . . . . 7 Part Studies Acquired 1 | . . 1 . . . . . . . . . . . Parts Repaired 2 | . 1 . 1 . . . . . . . . . . Time 58 | . 26 . 32 . . . . . . . . . . Parts Recycled . | . . . . . . . . . . . . . . Recycled Matter . | . . . . . . . . . . . . . . Retrieved Matter . | . . . . . . . . . . . . . . Retrieved Components . | . . . . . . . . . . . . . . Parts Scanalyzed . | . . . . . . . . . . . . . . Part Schematics Acquired . | . . . . . . . . . . . . . . Parts Damaged . | . . . . . . . . . . . . . . Bothacking | -11 -10 -9 -9 -9 -9 -6 -6 -5 -5 -5 -5 -4 -4 ------------ Run | Yrd Mat Mat Sto Rec Scr Fac DSF Fac Upp Upp Zhi Pro Fac Used RIF Installer . | . . . . . . . . . . . . . . Robots Hacked . | . . . . . . . . . . . . . . Non-combat . | . . . . . . . . . . . . . . Combat . | . . . . . . . . . . . . . . Robot Hacks Applied . | . . . . . . . . . . . . . . Relay Couplers Released . | . . . . . . . . . . . . . . Fabnet Peak Effective % . | . . . . . . . . . . . . . . Robots Rewired 1 | . . . . . . . . 1 . . . . . Allies Hacked . | . . . . . . . . . . . . . . Hacks Repelled . | . . . . . . . . . . . . . . Allies | -11 -10 -9 -9 -9 -9 -6 -6 -5 -5 -5 -5 -4 -4 -------- Run | Yrd Mat Mat Sto Rec Scr Fac DSF Fac Upp Upp Zhi Pro Fac Total Allies 8 | . 1 . . . . . . 1 . . . . 6 Largest Group 5 | . 1 1 1 1 1 1 1 2 1 1 1 1 5 Highest-Rated Group 327 | . 61 66 71 76 76 91 113 139 119 130 130 132 327 Highest-Rated Ally 143 | . 61 66 71 76 76 91 113 119 119 130 130 132 143 Total Orders . | . . . . . . . . . . . . . . Ally Attacks 227 | . 21 21 29 1 . 1 9 21 5 16 . 9 94 Total Damage 8610 | . 379 294 485 118 . 96 491 1900 222 1416 169 703 2337 Kills 97 | . 9 8 9 3 . 1 5 16 4 10 . 8 24 Allies Corrupted . | . . . . . . . . . . . . . . Allies Melted . | . . . . . . . . . . . . . . Intel | -11 -10 -9 -9 -9 -9 -6 -6 -5 -5 -5 -5 -4 -4 ------- Run | Yrd Mat Mat Sto Rec Scr Fac DSF Fac Upp Upp Zhi Pro Fac Active Infowar (turns) 2275 | . . . . . . 1 274 222 296 513 210 278 481 A.S.S. 2274 | . . . . . . . 274 222 296 513 210 278 481 Structural 1946 | . . . . . . 1 . 199 294 503 206 278 465 ECM 2 | . . . . . . . . . 2 . . . . Robot Analysis Total 13 | . . . 2 . 6 . . 1 . . 4 . . Derelict Logs Recovered 2 | . . . . . . . . . 2 . . . . Drone Launches . | . . . . . . . . . . . . . . Drone Recoveries . | . . . . . . . . . . . . . . Decoded 0b10 Intel 9 | . . . . . . . . . . . . . 9 Items 9 | . . . . . . . . . . . . . 9 Exploration | -11 -10 -9 -9 -9 -9 -6 -6 -5 -5 -5 -5 -4 -4 ------------- Run | Yrd Mat Mat Sto Rec Scr Fac DSF Fac Upp Upp Zhi Pro Fac Turns Passed 5015 | . 889 240 607 277 527 166 309 222 296 513 210 278 481 Spaces Moved 5590 | 1 544 298 646 255 737 130 271 318 480 524 209 410 767 Core . | . . . . . . . . . . . . . . Treads . | . . . . . . . . . . . . . . Legs 533 | 1 532 . . . . . . . . . . . . Wheels . | . . . . . . . . . . . . . . Hover 34 | . 12 . . . . . 22 . . . . . . Flight 5023 | . . 298 646 255 737 130 249 318 480 524 209 410 767 Fastest Speed 7 | 120 116 26 27 31 31 31 27 24 24 24 22 22 7 Average Speed 36 | 120 120 29 29 31 31 31 46 28 24 24 22 22 18 Slowest Speed 240 | 120 190 109 31 31 31 31 240 99 24 24 24 22 19 Overloaded Moves 5 | . . . . . . . . . . . . . 5 Propulsion Burnouts 1 | . . . . . . . . . . . . . 1 Robots Hopped 16 | . . 4 8 3 . . . . . 1 . . . Potential Cave-ins . | . . . . . . . . . . . . . . Cave-ins Triggered . | . . . . . . . . . . . . . . Teleports 1 | . . . . . . . . . . . . . 1 Exploration Rate (%) 46 | 2 85 31 66 45 43 4 97 8 66 64 62 58 17 Regions Visited 13 Branch Regions 7 Pre-discovered Areas 9 | . . . . . 5 . . . . . 3 . 1 Known Exits Taken 7 | . . 1 . . . 1 . 1 1 1 1 1 . Unknown Exits Taken 5 | 1 1 . 1 1 1 . . . . . . . . Scrap Searched 7 | . . . . . 2 . . . 3 2 . . . Spaces Dug 9 | . . . . . . 2 . . 1 1 . 2 3 Terrain Destroyed 19 | . . . . . . 2 . 5 1 1 . 2 8 Melee 9 | . . . . . . 2 . . 1 1 . 2 3 Projectile . | . . . . . . . . . . . . . . AOE 10 | . . . . . . . . 5 . . . . 5 Terrain Rammed . | . . . . . . . . . . . . . . Walls Destroyed . | . . . . . . . . . . . . . . Machines Disabled . | . . . . . . . . . . . . . . Actions | -11 -10 -9 -9 -9 -9 -6 -6 -5 -5 -5 -5 -4 -4 --------- Run | Yrd Mat Mat Sto Rec Scr Fac DSF Fac Upp Upp Zhi Pro Fac Total 8152 | . 704 399 930 421 1037 253 439 423 657 897 361 584 1047 Wait 2037 | . 88 58 198 146 283 117 97 40 157 356 125 164 208 Move 5546 | . 543 290 629 248 736 129 270 317 479 521 208 409 767 Hop 15 | . . 3 8 3 . . . . . 1 . . . Pick Up 53 | . 12 8 8 2 7 . 1 5 3 . 3 . 4 Fast Attach 36 | . 3 1 1 2 . . 15 7 3 . 1 . 3 Attach 43 | . . 5 5 2 1 2 7 8 1 2 2 1 7 Detach 30 | . 1 . 1 1 1 2 9 8 1 3 1 1 1 Swap 48 | . 5 3 8 . 2 . 1 4 6 1 9 . 9 Drop 72 | . 12 6 8 1 7 1 12 9 5 1 4 . 6 Fire 166 | . 38 25 42 16 . . 1 13 . 6 8 2 15 Melee 66 | . . . . . . 2 11 11 2 6 . 7 27 Ram . | . . . . . . . . . . . . . . Kick 2 | . 2 . . . . . . . . . . . . Crush . | . . . . . . . . . . . . . . Escape Stasis 15 | . . . . . . . 15 . . . . . . Rewire 1 | . . . . . . . . 1 . . . . . Trap . | . . . . . . . . . . . . . . Miscellaneous 22 | . . . 22 . . . . . . . . . . Route ------- -11/Scrapyard -10/Materials (discovered 4 exits: *Mat x3 / [*Min]) -9/Materials (discovered 3 exits: Min / *Sto x2) -9/Storage (discovered 2 exits: [*Mat] / [*Rec]) -9/Recycling -9/Scraptown -6/Factory (discovered 9 exits: Fac x4 / Low x2 / Ext x2 / DSF) -6/DSF -5/Factory (discovered 3 exits: *Fac / *Upp x2) -5/Upper Caves -5/Upper Caves (discovered 2 exits: *Fac / *Zhi) -5/Zhirov -4/Proximity Caves -4/Factory (discovered 2 exits: Res x2) History --------- Turn | Location | Event 1 | -11/Scrapyard | Discovered new exit (range 0) 1 | -11/Scrapyard | Entered Materials 190 | -10/Materials | Discovered new exit (range 10) 249 | -10/Materials | Discovered new exit (range 11) 313 | -10/Materials | Build established: Mutant 370 | -10/Materials | Discovered new exit (range 6) 601 | -10/Materials | Derelicts attacked the area 625 | -10/Materials | Repaired Aluminum Leg 658 | -10/Materials | Discovered new exit (range 5) 890 | -10/Materials | Entered another Materials area 890 | -9/Materials | Evolved 2 slots: Propulsion x2 943 | -9/Materials | Identified exit to Mines 943 | -9/Materials | Identified exit to Storage 1130 | -9/Materials | Entered Storage 1296 | -9/Storage | Build established: Sprinter 1316 | -9/Storage | Discovered new exit (range 20) 1328 | -9/Storage | Garrison activated, responded to threat 1382 | -9/Storage | Discovered new exit (range 5) 1413 | -9/Storage | Used back door to open Recycling access 1465 | -9/Storage | Met 01-MTF 1613 | -9/Storage | Core integrity fell below 50% 1677 | -9/Storage | Repaired Hvy. Assault Rifle+ 1737 | -9/Storage | Entered Recycling 1737 | -9/Recycling | Accompanied by 1 ally (01-MTF) 1886 | -9/Recycling | Scanned before Scraplab entrance 1916 | -9/Recycling | Found Prototype Energy Gun 1916 | -9/Recycling | Identified KN-7UR's Autopenetrator 1959 | -9/Recycling | Entered Scraplab 1962 | -9/Recycling | Discovered new exit (range 2) 2014 | -9/Recycling | Entered Scraptown 2180 | -9/Scraptown | Heard Great Nut preacher, LISTEN AND RECITE! 2271 | -9/Scraptown | Visited UFD Registry 2271 | -9/Scraptown | Registered with UFD as "Smoothparser" 2304 | -9/Scraptown | Visited Botcube Research 2309 | -9/Scraptown | Found Botcube 2318 | -9/Scraptown | Visited Analyses Database 2328 | -9/Scraptown | Visited Cartography Club 2338 | -9/Scraptown | Found Surveybot 17 Chip 2356 | -9/Scraptown | Learned location of Proximity Caves (-5) 2356 | -9/Scraptown | Learned location of Archives (-6) 2356 | -9/Scraptown | Learned location of Testing (-2) 2356 | -9/Scraptown | Learned 16 Factory zone layouts 2356 | -9/Scraptown | Learned 20 Factory zone layouts 2356 | -9/Scraptown | Learned 24 Factory zone layouts 2356 | -9/Scraptown | Learned Research emergency access door positions 2356 | -9/Scraptown | Learned 8 Access zone layouts 2356 | -9/Scraptown | Learned 4 Mines zone layouts 2356 | -9/Scraptown | Learned 16 Research zone layouts 2356 | -9/Scraptown | Learned 8 Research zone layouts 2356 | -9/Scraptown | Learned 12 Upper Caves zone layouts 2356 | -9/Scraptown | Learned 4 Hub_04(d) zone layouts 2356 | -9/Scraptown | Learned location of 1 exit from Factory 2356 | -9/Scraptown | Learned location of 3 exits from Factory 2371 | -9/Scraptown | Found Deep Structural Scanner 2390 | -9/Scraptown | Visited Sword Containment 2393 | -9/Scraptown | Found Prototype Slashing Weapon 2393 | -9/Scraptown | Identified Companion Sword 2401 | -9/Scraptown | Visited Chapter 10 2414 | -9/Scraptown | Visited Science Guys 2456 | -9/Scraptown | Visited Research Penetration Think Tank 2465 | -9/Scraptown | Met Optimus 2465 | -9/Scraptown | Accepted into 0bPrime 2484 | -9/Scraptown | Discovered new exit (range 3) 2541 | -9/Scraptown | Entered Factory 2541 | -6/Factory | Evolved 6 slots: Power x1, Propulsion x2, Utility x3 2542 | -6/Factory | Identified exit to Lower Caves 2543 | -6/Factory | Identified exit to Factory 2543 | -6/Factory | Identified exit to Extension 2595 | -6/Factory | Fabricated Hvy. Plasma Cannon (x2) 2671 | -6/Factory | Identified exit to DSF 2707 | -6/Factory | Entered DSF 2742 | -6/DSF | Found Prototype Device 2742 | -6/DSF | Identified Active Sensor Suite 2745 | -6/DSF | Additional patrols routed to DSF 2753 | -6/DSF | Discovered exit to Factory (range 14) 3016 | -6/DSF | Entered Factory 3016 | -5/Factory | Evolved 2 slots: Propulsion x1, Utility x1 3017 | -5/Factory | Identified exit to Upper Caves 3051 | -5/Factory | Loaded intel: 8 recycling unit locations 3131 | -5/Factory | Discovered new exit (range 7) 3178 | -5/Factory | Identified exit to Factory 3238 | -5/Factory | Entered Upper Caves 3239 | -5/Upper Caves | Identified exit to Upper Caves 3389 | -5/Upper Caves | Learned location of 1 exit from Factory 3443 | -5/Upper Caves | Build established: Scout 3534 | -5/Upper Caves | Entered another Upper Caves area 3542 | -5/Upper Caves | Discovered exit to Factory (range 9) 3892 | -5/Upper Caves | Spotted B-75 Beast 3925 | -5/Upper Caves | Allies destroyed B-75 Beast 3962 | -5/Upper Caves | Discovered new exit (range 8) 3965 | -5/Upper Caves | Identified exit to Zhirov 4047 | -5/Upper Caves | Entered Zhirov 4047 | -5/Zhirov | Discovered new exit (range 3) 4052 | -5/Zhirov | Met Zhirov 4058 | -5/Zhirov | Zhirov requested help retrieving the SGEMP Prototype 4063 | -5/Zhirov | Learned location of Quarantine (-3) 4063 | -5/Zhirov | Learned location of Command (-1) 4175 | -5/Zhirov | Found Alien Artifact 4175 | -5/Zhirov | Identified Integrated Reactor 4175 | -5/Zhirov | Installed Integrated Reactor, increased core energy generation (+10) 4182 | -5/Zhirov | Found Alien Artifact 4213 | -5/Zhirov | Identified exit to Proximity Caves 4257 | -5/Zhirov | Entered Proximity Caves 4486 | -4/Proximity Caves | Attracted the attention of an 0b10 checkpoint 4496 | -4/Proximity Caves | Discovered exit to Factory (range 14) 4535 | -4/Proximity Caves | Entered Factory 4535 | -4/Factory | Evolved 2 slots: Propulsion x1, Utility x1 4536 | -4/Factory | Identified exit to Research 4540 | -4/Factory | Loaded intel: 8 recycling unit locations 4540 | -4/Factory | Learned location of Protoforge (-2) 4563 | -4/Factory | Scrapoids reinforcements arrived? 4609 | -4/Factory | Lost 4 allies 4746 | -4/Factory | Botcube activated 4762 | -4/Factory | Garrison activated, responded to threat 4907 | -4/Factory | Core integrity fell below 50% 4919 | -4/Factory | Core integrity fell below 20% 4926 | -4/Factory | System corruption reached 10% 4965 | -4/Factory | Build established: Hacker-Scout 4993 | -4/Factory | Fabricated Assault Drone Bay? 5000 | -4/Factory | Identified Transdimensional Reconstructor 5000 | -4/Factory | Warped through subspace 5016 | -4/Factory | Destroyed by G-67 Veteran with Plasma Rifle Last Messages --------------- 05005_ S-27 Virus destroyed. 05006_ K-01 Serf collects debris. 05009_ Fusion Modulator explodes. 05009_ A-15 Conveyor destroyed. 05009_ ALERT: Garrison Access compromised, dispatching multiple assault carriers. 05009_ Garrison Access disabled. 05009_ G-67 Veteran destroyed. 05010_ Impulse Thruster destroyed. 05010_ K-01 Serf collects debris. 05013_ L=9TQXWMVXFMBF9OB2FJB 05013_ S-27 Virus destroyed. 05013_ Acquired 23 matter. 05013_ Cld. Nuclear Pulse Thruster destroyed. 05013_ Cld. Nuclear Pulse Thruster burned out. 05013_ K-01 Serf collects debris. 05015_ Fusion Modulator explodes. 05015_ Backup Laser I tumbles out of repair station. 05015_ Backup Propulsion I tumbles out of repair station. 05015_ Backup Plating I tumbles out of repair station. Map ----- +----------------------------------------------------+ | ????????????????????????????????????????????? | | ????????????????????????????????????????????? | | ????????????????????????????????????????????? | | ????????????????????????????????????????????? | | ????????????????????????????????????????????? | | ????????????????????????????????????????????? | | ????????????????????? ??????????????????? | | ??????????????????? ????????????????? | | ????????????????#" ?????????????? | | ?????????????? ????????????? | | ??????????????? " ####?????????? | | ??????????????? " !!! ?????????? | | ??????????s ? " !!%!!??????????? | | ??????????? ; !! !???????????? | | ??????????? # """??"???????? | | ???????????? # G ""??????? | | ?????????????? # """ ??????? | | ????????????? ; " ""??????? | | #???????????? # ""??????? | | #???????????? # [= """ ?BB?? | | #????????????##### [%! ?BB?? | | ?? ?? ####### * !=! ???? | | ?? ??? ####### @ != ???? | | ? ??? #######k [s !! #### | | "? """? ####### %* #### | | "" """ ####### !* %%=@/[ #### | | "" """ ####### |%!==%=[%;;#+#####+####### | | "" "" ####### =**% gk ## | | "" "" ####### %[%!# ## | | ####### %% # ## | | ####### !%* !%#! "" ## | | ####### %%%[%! !"[= "" ## | | ####### %%% =[# " ! "" ## | | +################# %%%% # " ## | | %^^ k =%=! !%%% # ## | | % [= = !*[% =%![ ####;;;; #####+## | | ![%[ g *! % ##### ; # | | +%########+######; ######## # | | % ## =[ ######;;; #;######## # | | """"" ## # # # # | | ## # # # # | | ## # * # # # | | ! ## # | ! k s# # # | | ! ## """" # # + # | | ## """" # # # # | | """"" ## """" # # # # | | ## """" # # # # | | """"" ## """" # # # # | | ## """" # " " # # # | | """"" ## # ! Y" + # # | +----------------------------------------------------+ Best States ------------- Heat Dissipation 63 Energy Generation 50 Energy Capacity 565 Matter Stores 300 Matter Capacity 300 Sight Range 16 Robot Scan Range 20 Terrain Scan Density 1210 Additional Mass Support 9 Base Temperature (-) 200 Evasion (%) 66 Targeting Accuracy 8 Particle Charging 30 Offensive Hacking 24 Item Schematics ----------------- Assault Drone Bay | -5/Zhirov | Free Exp. Heat Sink | -5/Zhirov | Free Exp. Optical Array | -5/Zhirov | Free Imp. Arc Thrower | -5/Zhirov | Free Robot Schematics ------------------ None Fabricated ------------ Hvy. Plasma Cannon | x2 | -6/Factory | Preloaded Assault Drone Bay | x1 | -4/Factory Repaired ---------- Aluminum Leg | 31% | -10/Materials Hvy. Assault Rifle | 9% | -9/Storage Studied --------- Hvy. Assault Rifle | -9/Materials | Hacked Alien Tech Used ----------------- Integrated Reactor Transdimensional Reconstructor Achievements -------------- Frienemies Some Acronyms Are Better Than Others Challenges ------------ None Player 2 | -11 -10 -9 -9 -9 -9 -6 -6 -5 -5 -5 -5 -4 -4 ---------- Run | Yrd Mat Mat Sto Rec Scr Fac DSF Fac Upp Upp Zhi Pro Fac Slots Evolved 12 | . 2 . . . 6 . 2 . . . . 2 . Power 2 | . . . . . 1 . 1 . . . . . . Propulsion 2 | . . . . . 2 . . . . . . . . Utility 6 | . 1 . . . 2 . 1 . . . . 2 . Weapon 2 | . 1 . . . 1 . . . . . . . . Parts Attached 68 | . 9 6 6 1 . 5 13 1 . 6 . 1 20 Parts Lost 24 | . . 1 . . . . . . . 2 . . 21 Damage Taken 5485 | . 87 246 228 . . . 236 621 84 526 . 287 3170 Core 1262 | . 15 33 33 . . . 23 61 12 39 . . 1046 Player 2/Cogmind (%) 67 | . 31 82 16 . . . 13 54 100 100 . . 91 Absorbed by Shields . | . . . . . . . . . . . . . . Damage Inflicted 7745 | . 379 294 485 118 . 96 491 1900 222 1416 169 703 1472 Player 2/Cogmind (%) 56 | . 34 37 37 25 . 100 44 69 79 84 68 52 57 Combat Hostiles Destroyed 77 | . 4 8 9 1 . 1 5 14 4 9 . 8 14 Player 2/Cogmind (%) 64 | . 36 66 40 33 . 100 62 82 100 100 . 72 66 Game ------ Seed DispersionFlakRedistributor Manual? 0 Play Time 00:49:36 Cumulative 1227.9 hours Start 2025.11.21 @ 20:30:51 End 2025.11.22 @ 13:26:36 Sessions 7 Manual Loads 0 Difficulty Rogue Special Mode AFD2020/Player2 Game No. 1511 Rogue 1227 Adventurer 124 Explorer 160 Win Type - Total 58 Types 44/0/8/4/1/0/0/1/0/0 Lore% 93 Gallery% 86 Achievement% 65 Wizard Run 0 Options --------- Layout 0 ASCII 0 Keyboard 1 Movement Numpad Keybinds 0 Fullscreen 2 Font 18/X11 Map View 76x50 Zoom Use 0% Tactical HUD 1 Map Filters NONE Filters NONE Steam 1 RUN: 50f734c4-b3df-495e-b352-3f268632f1df